 Dungeon Crawl Stone Soup version 0.32-a0-22-g6ae6769602 (webtiles) character file.

Game seed: 16986749503684111537

1363 Essalna the Digger (level 8, -7/48 HPs)
             Began as a Gargoyle Earth Elementalist on Jan 18, 2024.
             Was a Follower of Vehumet.
             Shot with an arrow by an orc warrior (11 damage)
             ... on level 6 of the Dungeon.
             The game lasted 00:09:54 (5813 turns).

Essalna the Digger (Gargoyle Earth Elementalist)    Turns: 5813, Time: 00:09:55

Health: -7/48      AC: 11    Str: 12    XL:     8   Next: 64%
Magic:  8/14       EV: 11    Int: 18    God:    Vehumet [*.....]
Gold:   339        SH:  4    Dex: 10    Spells: 6/15 levels left

rFire   . . .        w - +0 dagger (venom)
rCold   . . .        g - +0 buckler
rNeg    + . .        a - +0 robe
rPois   ∞            (no helmet)
rElec   +            (no cloak)
rCorr   .            (no gloves)
SInv    .            (no boots)
Will    +....        (no amulet)
Stlth   ++           j - ring of willpower
HPRegen 0.28/turn    l - +4 ring of protection
MPRegen 0.14/turn

%: no passive effects
@: no status effects
A: sickness immunity, AC +5, negative energy resistance 1, electricity
resistance, torment resistance 1, petrification resistance
a: Renounce Religion


You were on level 6 of the Dungeon.
You worshipped Vehumet.
Vehumet was aware of your devotion.
You visited 2 branches of the dungeon, and saw 7 of its levels.

You collected 339 gold pieces.

Inventory:

Hand Weapons
 w - a +0 dagger of venom (weapon)
Armour
 a - a +0 robe (worn)
 g - a +0 buckler (worn)
Jewellery
 j - a ring of willpower (left hand)
 l - a +4 ring of protection (right hand)
 o - a ring of wizardry
 v - a ring of wizardry
Wands
 r - a wand of mindburst (14)
Scrolls
 c - 2 scrolls of blinking {unknown}
 e - a scroll of silence {unknown}
 f - 3 scrolls of teleportation {unknown}
 n - 2 scrolls of fog {unknown}
 q - 5 scrolls of identify {unknown}
 u - a scroll of noise {unknown}
 x - 2 scrolls of vulnerability {unknown}
 y - a scroll of immolation {unknown}
Potions
 b - a potion of magic
 d - a potion of haste {unknown}
 h - a potion of degeneration {unknown}
 i - 3 potions of mutation {unknown}
 k - a potion of might {unknown}
 m - 3 potions of curing {unknown}
 p - a potion of ambrosia {unknown}
 s - a potion of heal wounds {unknown}
 t - 2 potions of enlightenment {unknown}


   Skills:
 + Level 4.4 Fighting
 + Level 2.6 Armour
 + Level 2.6 Dodging
 - Level 2.1 Stealth
 - Level 4.0 Shields
 - Level 4.0 Spellcasting
 + Level 5.0 Conjurations
 + Level 6.7 Earth Magic


You had 6 spell levels left.
You knew the following spells:

 Your Spells              Type           Power      Damage    Failure   Level
a - Sandblast             Erth           54%        2d13      1%          1
b - Stone Arrow           Conj/Erth      48%        3d10      5%          3
c - Lee's Rapid Deconstr  Erth           13%        3d9*      34%         5

Your spell library contained the following spells:

 Spells                   Type           Power      Damage    Failure   Level
 Freeze                   Ice            12%        1d3       21%         1
 Passwall                 Erth           27%        N/A       3%          3
 Brom's Barrelling Bould  Conj/Erth      24%        2d5       19%         4
 Slow                     Hex            12%        N/A       21%         1
 Animate Armour           Summ/Erth      30%        N/A       45%         4
 Petrify                  Alch/Erth      15%        N/A       45%         4
 Confusing Touch          Hex            3%         N/A       52%         3
 Ozocubu's Armour         Ice            3%         N/A       52%         3
 Sigil of Binding         Hex            3%         N/A       52%         3
 Tukima's Dance           Hex            3%         N/A       52%         3
 Vampiric Draining        Necr           3%         2d6       52%         3
 Manifold Assault         Tloc           3%         N/A       89%         4
 Passage of Golubria      Tloc           3%         N/A       89%         4
 Summon Lightning Spire   Summ/Air       3%         N/A       89%         4
 Metabolic Englaciation   Hex/Ice        1%         N/A       99%         5
 Yara's Violent Unravell  Hex/Alch       1%         3d3       99%         5
 Dispersal                Tloc           1%         N/A       100%        6
 Sculpt Simulacrum        Ice/Alch       1%         N/A       100%        6
 Disjunction              Tloc           1%         N/A       100%        8


Dungeon Overview and Level Annotations

Branches:
Dungeon (6/15)             Temple (1/1) D:4

Altars:
Cheibriados
Dithmenos
Gozag
Hepliaklqana
Kikubaaqudgha
Makhleb
Qazlal
Ru
Sif Muna
Trog
Vehumet
Xom
Yredelemnul
Zin
The Shining One


Innate Abilities, Weirdness & Mutations

You are immune to sickness and miasma.
Your stone body is resilient. (AC +5)
You are immune to poison.
You resist negative energy. (rN+)
You are resistant to electric shocks. (rElec)
You are resistant to unholy torment.
You are immune to petrification.


Message History

Confirm with . or Enter, or press ? or * to list all spells.
Aiming: Sandblast (safe; 1% risk of failure)
Press: ? - help, Shift-Dir - straight line, f/p - orc warrior
Aim: an orc warrior, wielding a +0 orcbow and wearing a +0 plate armour (lightly wounded, 83% to hit)
The blast of sand hits the orc warrior but does no damage.
The orc warrior is lightly wounded.
The orc warrior unwields a +0 orcbow.
The orc warrior wields a +0 battleaxe.
The orc warrior barely misses you.
Casting: Sandblast (safe; 1% risk of failure)
Confirm with . or Enter, or press ? or * to list all spells.
Aiming: Sandblast (safe; 1% risk of failure)
Press: ? - help, Shift-Dir - straight line, f/p - orc warrior
Aim: an orc warrior, wielding a +0 battleaxe and wearing a +0 plate armour (lightly wounded, 83% to hit)
The blast of sand misses the orc warrior.
The orc warrior hits you with a +0 battleaxe!
Casting: Sandblast (safe; 1% risk of failure)
Confirm with . or Enter, or press ? or * to list all spells.
Aiming: Sandblast (safe; 1% risk of failure)
Press: ? - help, Shift-Dir - straight line, f/p - orc warrior
Aim: an orc warrior, wielding a +0 battleaxe and wearing a +0 plate armour (lightly wounded, 83% to hit)
The blast of sand hits the orc warrior.
The orc warrior is lightly wounded.
The orc warrior barely misses you.
Your magical contamination has completely faded away.
The orc warrior attacks as it pursues you!
The orc warrior hits you with a +0 battleaxe!
* * * LOW HITPOINT WARNING * * *
The orc warrior attacks as it pursues you!
The orc warrior hits you but does no damage.
The orc warrior unwields a +0 battleaxe.
The orc warrior wields a +0 orcbow.
The orc warrior shoots an arrow.
The arrow closely misses you.
The orc warrior shoots an arrow.
The arrow barely misses you.
The orc warrior shoots an arrow.
The arrow hits you.
* * * LOW HITPOINT WARNING * * *
The orc warrior shoots an arrow.
The arrow hits you.
* * * LOW HITPOINT WARNING * * *
Okay, then.
The orc warrior shoots an arrow.
The arrow hits you!
You die...

#.# #.# ##.##.### #
#.# #####.#####.##.# #
#.#
#.>...##.......#######
#.#
#.....##......)##.o...
#.####
#.(...##..#.##.o....o.
#....#
#.....##..#.##.##.....
####.#
#..)..##).#)##.#####.#
#.# ########..#.##.#
#.# #.#
#...>@.....o.).# #..
#.# #.#####.###o####
### #.####.#####.#
#.######## #
#.........##.#
#........# #
######.....).#
#..#####.###
#..#.#..###..##....##.
#............#.###....
##.###.#####.#.# #..##
#.###.# #.#.###.#.#


You could see an orc warrior and an orc wizard.

Vanquished Creatures
  2 ice beasts
  2 ogres
  A centaur (D:6)
  A phantom (D:3)
  A bullfrog (D:6)
  A scorpion (D:5)
  2 hounds (D:6)
  5 orc priests
  A jelly (D:5)
  A sleepcap (D:5)
  2 iguanas (D:6)
  8 orc wizards
  6 adders
  3 gnolls (D:6)
  3 white imps
  2 dart slugs
  3 ribbon worms
  22 orcs
  8 ball pythons
  9 endoplasms
  2 giant cockroaches (D:1)
  5 goblins
  8 hobgoblins
  5 jackals
  4 quokkas
  9 bats
  2 frilled lizards
  6 kobolds
  12 rats
136 creatures vanquished.

Notes
Turn   | Place    | Note
-------+----------+-------------------------------------------
     0 | D:1      | Essalna the Gargoyle Earth Elementalist began the quest for
                  | the Orb.
     0 | D:1      | Reached XP level 1. HP: 10/10 MP: 3/3
   160 | D:1      | Reached XP level 2. HP: 15/15 MP: 1/5
   299 | D:1      | Reached skill level 4 in Earth Magic
   566 | D:1      | Reached XP level 3. HP: 19/19 MP: 3/6
  1276 | D:2      | Reached XP level 4. HP: 24/24 MP: 6/8
  1626 | D:2      | Learned a level 3 spell: Stone Arrow
  1995 | D:3      | Noticed a phantom
  2003 | D:3      | Killed a phantom
  2004 | D:3      | Reached skill level 1 in Fighting
  2004 | D:3      | Reached skill level 1 in Shields
  2004 | D:3      | Reached XP level 5. HP: 10/29 MP: 2/9
  2591 | D:3      | Found a faded altar of an unknown god.
  2595 | D:3      | Found a burning altar of Makhleb.
  2911 | D:4      | Found an ancient bone altar of Kikubaaqudgha.
  3087 | D:4      | Found a staircase to the Ecumenical Temple.
  3103 | Temple   | Entered the Ecumenical Temple
  3128 | Temple   | Became a worshipper of Vehumet
  3888 | D:4      | Found a basalt altar of Yredelemnul.
  3952 | D:5      | Entered Level 5 of the Dungeon
  3955 | D:5      | Reached skill level 5 in Earth Magic
  3955 | D:5      | Reached XP level 6. HP: 35/35 MP: 8/10
  4336 | D:5      | Noticed an ice beast
  4348 | D:5      | Killed an ice beast
  4415 | D:5      | Reached XP level 7. HP: 40/40 MP: 7/12
  4510 | D:5      | Reached * piety under Vehumet
  4510 | D:5      | Offered knowledge of Freeze by Vehumet.
  4620 | D:5      | Found a shimmering altar of Xom.
  4621 | D:5      | Found a snail-covered altar of Cheibriados.
  5019 | D:6      | Reached skill level 6 in Earth Magic
  5208 | D:6      | Reached skill level 1 in Armour
  5208 | D:6      | Reached XP level 8. HP: 26/47 MP: 11/14
  5328 | D:6      | Learned a level 5 spell: Lee's Rapid Deconstruction
  5688 | D:6      | Reached skill level 5 in Conjurations
  5813 | D:6      | Shot with an arrow by an orc warrior

Illustrated notes

Levels and vault maps discovered:
D:1:      mrwooster_arrival_statue_2, layout_loops_ring,
          dreamdust_mushroom_princess
D:2:      layout_rooms, amcnicky_mini_corridor_feature
D:3:      layout_basic, nicolae_overflow_ecumenical_swirl,
          hangedman_feature_mirror
D:4:      layout_loops_corners, kennysheep_little_box, lemuel_round_altar,
          minmay_temple_entry_trees, minmay_curled_crystal, st_stairs_10,
          grunt_decor_clamped
D:5:      layout_cave_pools, mainiacjoe_overflow_big_doors
D:6:      layout_loops_cross, nicolae_ashenzari_panopticon
Temple:   hellmonk_temple_beads

Skill      XL: |  1  2  3  4  5  6  7  8 |
---------------+-------------------------+-----
Earth Magic    | 4 5 6 |  6.7
Conjurations   | 2 3 4 5 |  5.0
Fighting       | 1 2 3 4 |  4.4
Shields        | 1 2 3 4 |  4.0
Spellcasting   | 3 4 |  4.0
Armour         | 1 2 |  2.6
Dodging        | 2 |  2.6
Stealth        | |  2.1

Action                     |  1- 3 |  4- 6 |  7- 9 || total
---------------------------+-------+-------+-------++-------
  Melee: Unarmed           |    13 |    37 |       ||    50
         Dagger            |       |       |     1 ||     1
   Cast: Sandblast         |    54 |   109 |   105 ||   268
 Armour: Robe              |    21 |    52 |    50 ||   123
  Dodge: Dodged            |    15 |    43 |    52 ||   110
  Block: Buckler           |       |    22 |    17 ||    39

Table legend: (Time is in decaauts)
 A = Elapsed time spent in this place.
 B = Non-inter-level travel time spent in this place.
 C = Inter-level travel time spent in this place.
 D = Time resting spent in this place.
 E = Time spent auto-exploring this place.
 F = Levels seen in this place.
 G = Mean time per level.
                   A        B        C        D        E       F      G
               +--------+--------+--------+--------+--------+-----+--------+
         Total |   5948 |   5711 |    237 |    111 |   4675 |   7 |  849.7 |
       Dungeon |   5898 |   5709 |    189 |    111 |   4675 |   6 |  983.0 |
        Temple |     50 |      2 |     48 |      0 |      0 |   1 |   50.0 |
               +--------+--------+--------+--------+--------+-----+--------+

Top non-repeatable levels by time:
     D:5: 1177 daAuts
     D:4: 1152 daAuts
     D:1: 1104 daAuts
     D:3: 1005 daAuts
     D:2: 746 daAuts
     D:6: 711 daAuts
  Temple: 50 daAuts
